 Dungeon Crawl Stone Soup version 0.19-a0-1127-gac58878 (webtiles) character file.

837 junb69 the Conjurer (level 7, -1/50 HPs)
             Began as a Green Draconian Conjurer on Aug 12, 2016.
             Slain by Ijustatesigmund's ghost (6 damage)
             ... on level 5 of the Dungeon.
             The game lasted 00:16:53 (4796 turns).

junb69 the Conjurer (Green Draconian Conjurer)      Turns: 4796, Time: 00:16:54

Health: -1/50      AC:  7    Str: 10    XL:     7   Next: 66%
Magic:  6/13       EV: 12    Int: 23    God:
Gold:   168        SH:  0    Dex: 12    Spells: 3 memorised, 6 levels left

rFire  . . .     SeeInvis .     i - +2 dagger (venom)
rCold  . . .     Gourm    .     (armour unavailable)
rNeg   . . .     Faith    .     (no shield)
rPois  +         Spirit   .     (helmet restricted)
rElec  .         Dismiss  .     t - +0 cloak
rCorr  .         Reflect  .     (no gloves)
SustAt .         Harm     .     (no boots)
MR     .....                    x - amulet of magic regeneration
Stlth  ++........               y - ring of wizardry
                                n - +6 ring of intelligence

@:
A: breathe noxious fumes, unfitting armour, poison resistance, cold-blooded, AC
+6
a: Breathe Noxious Fumes


You were on level 5 of the Dungeon.
You were very hungry.

You visited 1 branch of the dungeon, and saw 5 of its levels.

You collected 168 gold pieces.

Inventory:

Hand Weapons
 i - a +2 dagger of venom (weapon)
Armour
 t - a +0 cloak (worn)
Jewellery
 n - a +6 ring of intelligence (left hand)
 x - an amulet of magic regeneration (around neck)
 y - a ring of wizardry (right hand)
Wands
 C - a wand of lightning (7/15)
Scrolls
 f - 3 scrolls of teleportation
 g - 3 scrolls of identify
 h - a scroll of recharging {unknown}
 j - 3 scrolls of remove curse {unknown}
 l - a scroll of immolation {unknown}
 p - 2 scrolls of enchant armour {unknown}
 r - a scroll of amnesia {unknown}
 s - 2 scrolls of magic mapping
 w - 4 scrolls of enchant weapon {unknown}
 A - a scroll of blinking {unknown}
Potions
 e - 2 potions of curing
 k - 5 potions of flight
 o - a potion of ambrosia {unknown}
 v - 2 potions of heal wounds {unknown}
 z - 2 potions of agility {unknown}
 B - 2 potions of resistance {unknown}
 D - a potion of invisibility
Books
 a - a book of Conjurations

   Spells                             Type                      Level
   a - Magic Dart                     Conjuration                  1
   b - Searing Ray                    Conjuration                  2
   c - Dazzling Spray                 Conjuration/Hexes            3
   d - Fulminant Prism                Conjuration/Hexes            4
   e - Iskenderun's Mystic Blast      Conjuration                  4
   f - Iskenderun's Battlesphere      Conjuration/Charms           5
Comestibles
 b - 4 bread rations
 c - 7 fruits
 d - 2 chunks of flesh
 m - 2 beef jerkies
 q - a slice of pizza
 u - 2 meat rations


   Skills:
 - Level 1.7 Dodging
 - Level 1.7 Stealth
 * Level 4.1 Spellcasting
 - Level 7.1 Conjurations
 * Level 4.2 Charms


You had 6 spell levels left.
You knew the following spells:

 Your Spells              Type           Power        Failure   Level  Hunger
a - Magic Dart            Conj           ####         1%          1    None
b - Searing Ray           Conj           #####.       1%          2    #......
c - Iskenderun's Battles  Conj/Chrm      ####....     12%         5    ######.


Dungeon Overview and Level Annotations

Branches:
Dungeon (5/15)
 Temple: D:4-7

Altars:
Trog

Annotations:
D:5 Ijustatesigmund's ghost, novice DsFi


Innate Abilities, Weirdness & Mutations

You can breathe blasts of noxious fumes.
Your lurid green scales are hard. (AC +6)
Your body does not fit into most forms of armour.
Your system is resistant to poisons. (rPois)
You are cold-blooded and may be slowed by cold attacks.


Message History

Your battlesphere fires!
The barrage of energy hits Ijustatesigmund's ghost.
Ijustatesigmund's ghost is heavily damaged.
Ijustatesigmund's ghost hits you!
The searing ray hits Ijustatesigmund's ghost.
Ijustatesigmund's ghost is heavily damaged.
Your battlesphere fires!
The barrage of energy hits Ijustatesigmund's ghost.
Ijustatesigmund's ghost is severely damaged.
Ijustatesigmund's ghost hits you!
* * * LOW HITPOINT WARNING * * *
Okay, then.
Ijustatesigmund's ghost whispers, "Death doesn't hurt.
What you feel is life."
Okay, then.
Ijustatesigmund's ghost hits your battlesphere!
Your battlesphere is destroyed!
Ijustatesigmund's ghost screams, "Don't try to defend!
You have no chance!"
Your magical contamination has completely faded away.
Ijustatesigmund's ghost hits you.
You die...

### #.##### #.....# #.###.#
#.# #.# ###.###.#
#..@.##.########
##############...W##.........
......................>###..
############...........# #.#
#### #.#....########.###...
#.#...........#.#.....
#.#.....#####.#.#.#.##
#.#.....# ##+#...#.#
####'###'#.# ##......#.##


You could see Ijustatesigmund's ghost.

Vanquished Creatures
  3 ogres
  A scorpion (D:4)
  A water moccasin skeleton (D:5)
  A crimson imp (D:5)
  2 hounds
  3 orc wizards (D:4)
  2 worker ants
  2 worker ant zombies (D:5)
  Robin (D:2)
  4 gnolls (D:5)
  8 adders
  2 worms
  4 dart slugs
  2 giant geckos
  7 orcs
  A ball python (D:2)
  9 bats
  4 giant cockroaches
  17 goblins
  8 hobgoblins
  7 jackals
  13 kobolds
  3 quokkas
  4 giant newts
  10 rats
119 creatures vanquished.

Vanquished Creatures (others)
  A wizard (D:4)
1 creature vanquished.

Grand Total: 120 creatures vanquished

Notes
Turn   | Place    | Note
-------+----------+-------------------------------------------
     0 | D:1      | junb69 the Draconian Conjurer began the quest for the Orb.
     0 | D:1      | Reached XP level 1. HP: 14/14 MP: 3/3
   343 | D:1      | Reached XP level 2. HP: 20/20 MP: 0/5
   347 | D:1      | Learned a level 2 spell: Searing Ray
   622 | D:1      | Reached skill level 5 in Conjurations
   642 | D:1      | Reached XP level 3. HP: 26/26 MP: 6/6
  1025 | D:2      | Noticed Robin
  1119 | D:2      | Killed Robin
  1474 | D:2      | Reached XP level 4. HP: 33/33 MP: 4/7
  2486 | D:3      | Reached XP level 5. HP: 38/38 MP: 5/9
  2493 | D:3      | Learned a level 5 spell: Iskenderun's Battlesphere
  2577 | D:3      | Reached skill level 6 in Conjurations
  2699 | D:3      | Reached skill level 1 in Charms
  3232 | D:4      | Found a bloodstained altar of Trog.
  3235 | D:4      | Noticed a wizard
  3241 | D:4      | Killed a wizard
  3499 | D:4      | Noticed an ogre
  3514 | D:4      | Killed an ogre
  3514 | D:4      | Reached XP level 6. HP: 33/45 MP: 5/10
  4022 | D:4      | Reached skill level 7 in Conjurations
  4022 | D:4      | Your scales start taking on a lurid green colour.
  4022 | D:4      | Reached XP level 7. HP: 50/50 MP: 2/11
  4022 | D:4      | Gained mutation: Your system is resistant to poisons. (rPois) [Green Draconian growth]
  4165 | D:5      | Entered Level 5 of the Dungeon
  4746 | D:5      | Noticed Ijustatesigmund's ghost (novice DsFi)
  4774 | D:5      | HP: 2/50 [Ijustatesigmund's ghost (16)]
  4796 | D:5      | Slain by Ijustatesigmund's ghost

Vault maps used:
D:1:      minmay_arrival_hallway
D:2:      minmay_quantized, uniq_robin
D:3:      first_bread
D:4:      trog_wizard

Skill      XL: |  1  2  3  4  5  6  7 |
---------------+----------------------+-----
Conjurations   | 5 6 7 |  7.1
Spellcasting   | 3 4 |  4.1
Charms         | 2 3 4 |  4.2
Dodging        | |  1.7
Stealth        | |  1.7

Action                   |  1- 3 |  4- 6 |  7- 9 || total
-------------------------+-------+-------+-------++-------
Melee: Unarmed           |    13 |       |       ||    13
       Hand axe          |     1 |       |       ||     1
       Dagger            |    67 |    62 |    20 ||   149
       Tailslap          |     8 |     9 |     4 ||    21
 Cast: Magic Dart        |    28 |    60 |     9 ||    97
       Searing Ray       |     2 |    10 |     9 ||    21
       Iskenderun's Batt |       |     1 |     3 ||     4
  Use: Scroll            |       |     4 |       ||     4
 Stab: Sleeping          |       |     1 |       ||     1
  Eat: Chunk             |     2 |     8 |     3 ||    13
Armor: Skin              |    18 |    19 |     8 ||    45
Dodge: Dodged            |    64 |    51 |    15 ||   130
